 Dungeon Crawl Stone Soup version 0.31-a0-1522-g43313d8a59 (webtiles) character file.

Game seed: 14271762938270619294

3 innerfire43 the Trooper (level 1, 0/19 HPs)
             Began as a Demonspawn Wanderer on Dec 30, 2023.
             Succumbed to a kobold's poison
             ... on level 1 of the Dungeon.
             The game lasted 00:00:24 (24 turns).

innerfire43 the Trooper (Demonspawn Wanderer)         Turns: 24, Time: 00:00:25

Health: 0/19       AC:  3    Str: 11    XL:     1   Next: 41%
Magic:  1/1        EV: 10    Int: 10    God:
Gold:   0          SH:  0    Dex: 15    Spells: 0/0 levels left

rFire   . . .        a - +3 short sword
rCold   . . .        (no shield)
rNeg    . . .        d - +0 leather armour
rPois   .            (no helmet)
rElec   .            (no cloak)
rCorr   .            (no gloves)
SInv    .            (no boots)
Will    .....        (no amulet)
Stlth   ++           (no ring)
HPRegen 0.23/turn    (no ring)
MPRegen 0.07/turn

%: no passive effects
@: lethally poisoned (0 -> -6)
A: no striking features
a: no special abilities


You were on level 1 of the Dungeon.
You visited 1 branch of the dungeon, and saw 1 of its levels.

Inventory:

Hand Weapons
 a - a +3 short sword (weapon)
 e - a +0 short sword of venom
Armour
 d - a +0 leather armour (worn)
Scrolls
 b - a scroll of teleportation
Potions
 c - a potion of attraction


   Skills:
 + Level 4.0 Fighting
 * Level 3.7 Short Blades
 - Level 1.7 Stealth


You couldn't memorise any spells.
You didn't know any spells.
Your spell library was empty.

Dungeon Overview and Level Annotations

Branches:
Dungeon (1/15)

Altars:


Message History

The endoplasm is heavily wounded.
The endoplasm freezes you.
You are frozen.
There are monsters nearby!
You barely miss the endoplasm.
The endoplasm is heavily wounded.
The frilled lizard barely misses you.
The kobold hits you with a +0 short sword of venom.
You are poisoned.
The endoplasm barely misses you.
There are monsters nearby!
You hit the endoplasm.
You kill the endoplasm!
You feel very sick.
The frilled lizard bites you but does no damage.
The kobold closely misses you.
There are monsters nearby!
You hit the frilled lizard.
You kill the frilled lizard!
You feel sick.
The kobold hits you with a +0 short sword of venom.
A kobold is nearby!
You are too injured to fight recklessly!
You are too injured to fight recklessly!
You are too injured to fight recklessly!
You are too injured to fight recklessly!
You feel sick. The kobold hits you but does no damage.
You are lethally poisoned!
You hit the kobold.
You kill the kobold!
* * * LOW HITPOINT WARNING * * *
You feel very sick.
* * * LOW HITPOINT WARNING * * *
You feel sick.
You see here a +0 short sword of venom.
e - a +0 short sword of venom
* * * LOW HITPOINT WARNING * * *
You feel sick.
Okay, then.
You die...

#....#...##...
##.............
#..............
#...>........#
#............#
#..........#
#....#...##
#.....@...#
#...#.......# #
#.......#
.###.......#####
#...............?
#..++++++...####
#. +....+...# #
+....+...#
+..<.'...#


There were no monsters in sight!

Vanquished Creatures
  An endoplasm (D:1)
  A kobold (D:1)
  A frilled lizard (D:1)
3 creatures vanquished.

Notes
Turn   | Place    | Note
-------+----------+-------------------------------------------
     0 | D:1      | innerfire43 the Demonspawn Wanderer began the quest for the
                  | Orb.
     0 | D:1      | innerfire43 set off with the following items: a +3 short
                  | sword, a scroll of teleportation, a potion of attraction, a
                  | +0 leather armour.
     0 | D:1      | Reached XP level 1. HP: 19/19 MP: 1/1
    24 | D:1      | Succumbed to a kobold's poison

Illustrated notes

Levels and vault maps discovered:
D:1:      lightli_arrival_maybe_door_vault, layout_rooms,
          basic_ecumenical_altar, minmay_hedge_maze, amcnicky_mini_pool_small,
          chequers_mini_garden

Action                     || total
---------------------------++-------
  Melee: Short sword       ||     7
 Armour: Leather armour    ||     4
  Dodge: Dodged            ||     4

Table legend: (Time is in decaauts)
 A = Elapsed time spent in this place.
 B = Non-inter-level travel time spent in this place.
 C = Inter-level travel time spent in this place.
 D = Time resting spent in this place.
 E = Time spent auto-exploring this place.
 F = Levels seen in this place.
 G = Mean time per level.
                   A        B        C        D        E       F      G
               +--------+--------+--------+--------+--------+-----+--------+
         Total |     22 |     22 |      0 |      0 |      9 |   1 |   22.0 |
       Dungeon |     22 |     22 |      0 |      0 |      9 |   1 |   22.0 |
               +--------+--------+--------+--------+--------+-----+--------+

Top non-repeatable levels by time:
     D:1: 22 daAuts
